AoeStats
← schmeno

Socotra

505137576Analyzed
2v2 RM · 2mo ago on Sep 8, 2026· 28m 47s· 4 players
Game mode
Random Map
Map size
Tiny (2 player)
Population
200
Speed
Normal
Resources
Standard
Victory
Conquest
Starting age
Dark Age
Ending age
Imperial Age
RankedLock teamsTeams togetherTeam positionsShared explorationLock speedFull tech treeHidden civsTurbo modeCheats
Victory
Defeat
🇺🇸 Magyars · United States
1130
+17
🇺🇸 Japanese · United States
1084
+18
vs
🇺🇸 Ethiopians · United States
1159
-18
🇺🇸 Vikings · United States
1126
-17
schmeno
3:42 Loom
7:43 Loom
11:11 Feudal Age
18:18 Town Watch
18:42 Double-Bit Axe
23:50 Castle Age
22:19 Town Watch
22:36 Town Watch
24:21 Fletching
25:24 Bodkin Arrow
25:48 Crossbowman
Simon Nelson Cook
1:26 Loom
12:08 Feudal Age
16:10 Fletching
18:59 Castle Age
17:15 Fletching
18:00 Double-Bit Axe
18:03 Horse Collar
20:26 Crossbowman
24:58 Padded Archer Armor
PTCG_Twippo
8:50 Loom
12:14 Feudal Age
16:46 Bloodlines
28:42 Castle Age
27:30 Scale Barding Armor
XxX_ins1dious_XxX
6:07 Loom
12:02 Feudal Age
12:40 Man-at-Arms
13:49 Horse Collar
14:08 Double-Bit Axe
20:50 Scale Mail Armor
21:40 Arson
22:48 Fletching
26:32 Castle Age
26:55 Padded Archer Armor
28:44 Wheelbarrow
28:20 Long Swordsman
29:02 Squires
Connection lost

Rejoining the realm…

Still unreachable

The connection could not be restored.

Session expired

The server has moved on; the page needs a fresh start.